Map: Ever Dream LE

Players

goblin

  • Race: Protoss Protoss
  • League: Master
  • Spawn Location: 1:00

Denver - Winner!

  • Race: Zerg Zerg
  • League: Grandmaster
  • Spawn Location: 7:00

Event: StayAtHomestory Cup #1

VOD

Have the link to the VOD?

Description

Time

  • Played on: April 10, 2020, 9:56 a.m.
  • Length: 3:46

All games in this series

Show
View Real Time Build Order
Export as new Build Order

goblin Protoss 

Build Orders:  

Get SALT Encoding   

  12  0:00  Probe  
  13  0:12  Probe  
  14  0:17  Pylon  
  14  0:25  Probe (Chrono Boost)  
  15  0:37  Probe (Chrono Boost)  
  15  0:38  Gateway  
  16  0:43  Probe (Chrono Boost)  
  16  0:45  Assimilator  
  17  0:51  Probe  
  18  1:02  Forge  
  18  1:05  Probe  
  19  1:16  Pylon  
  19  1:25  Pylon  
  19  1:26  Pylon  
  19  1:35  Photon Cannon  
  19  1:39  Probe  
  20  1:44  Cybernetics Core  
  20  2:07  Probe, Photon Cannon  
  21  2:22  Photon Cannon  
  21  2:24  Shield Battery  
  21  2:27  Robotics Facility  
  21  2:36  Photon Cannon  
  21  2:47  Shield Battery  
  21  2:50  Shield Battery  
  21  2:57  Photon Cannon  
  21  3:05  Shield Battery  
  21  3:12  Immortal (Chrono Boost)  
  21  3:14  Shield Battery  
  25  3:20  Shield Battery  
  25  3:32  Probe  
  25  3:34  Assimilator  
Show
View Real Time Build Order
Export as new Build Order

Denver Zerg - Winner!

Build Orders: Pool First 

Get SALT Encoding   

  12  0:01  Drone  
  13  0:13  Overlord  
  13  0:17  Drone  
  14  0:31  Drone x2  
  16  0:41  Spawning Pool  
  15  0:45  Drone  
  15  0:49  Drone  
  17  1:10  Hatchery  
  16  1:14  Drone  
  17  1:28  Zergling x2  
  17  1:29  Zergling x2  
  17  1:31  Queen  
  21  1:38  Overlord  
  21  1:45  Spine Crawler  
  20  1:50  Zergling x2  
  21  2:05  Drone x2  
  22  2:14  Queen  
  23  2:17  Spine Crawler  
  22  2:24  Zergling x6  
  25  2:32  Queen  
  27  2:47  Zergling x8  
  28  2:54  Queen  
  28  2:58  Zergling x2  
  28  2:59  Zergling x2  
  30  3:09  Zergling x4  
  31  3:25  Zergling x4  
Tags
 
Add a new tag
Caveats
  • Supply blocks, unpowered buildings, or Contaminate may cause inaccurate times.
  • Supply counts are checked every 10 seconds.